 Dungeon Crawl Stone Soup version 0.28.0-43-g3370ac3207 (webtiles) character file.

Game seed: 14032798971713776024

90 Ablot the Grasshopper (level 4, -1/38 HPs)
             Began as a Gnoll Warper on Mar 6, 2022.
             Slain by a black bear (12 damage)
             ... on level 3 of the Dungeon.
             The game lasted 00:02:33 (2430 turns).

Ablot the Grasshopper (Gnoll Warper)                Turns: 2430, Time: 00:02:34

Health: -1/38      AC:  3    Str: 12    XL:     4   Next: 56%
Magic:  11/11      EV: 13    Int: 12    God:
Gold:   86         SH:  5    Dex: 12    Spells: 11/13 levels left

rFire   . . .      SeeInvis .   r - +1 whip (elec)
rCold   . . .      Faith    .   (no shield)
rNeg    + . .      Spirit   .   b - +0 leather armour
rPois   .          Reflect  +   (no helmet)
rElec   .          Harm     .   (no cloak)
rCorr   .          Rampage  .   (no gloves)
Will    .....                   (no boots)
Stlth   +.........              t - amulet of reflection
HPRegen 0.12/turn               s - ring of positive energy
MPRegen 0.12/turn               (no ring)

@: no status effects
A: fangs 1, strong nose, distributed training
a: no special abilities


You were on level 3 of the Dungeon.
You visited 1 branch of the dungeon, and saw 3 of its levels.

You collected 86 gold pieces.

Inventory:

Hand Weapons
 a - a +0 spear
 r - a +1 whip of electrocution (weapon)
Missiles
 d - 5 boomerangs of dispersal
 f - 75 stones (quivered)
 j - 54 arrows
 k - 46 sling bullets
Armour
 b - a +0 leather armour (worn)
Magical Staves
 n - a staff of conjuration
Jewellery
 s - a ring of positive energy (left hand)
 t - an amulet of reflection (around neck)
Scrolls
 c - a scroll of blinking
 g - 4 scrolls of identify {unknown}
 i - a scroll of amnesia {unknown}
 l - a scroll of fear {unknown}
 o - a scroll of enchant armour {unknown}
 q - a scroll of brand weapon {unknown}
Potions
 e - a potion of attraction {unknown}
 h - a potion of brilliance {unknown}
 m - a potion of degeneration {unknown}
 p - 2 potions of might {unknown}
 u - a potion of lignification {unknown}
 v - a potion of curing {unknown}


   Skills:
 + Level 4.6 Fighting
 + Level 1.2 Short Blades
 + Level 1.2 Long Blades
 + Level 1.2 Axes
 + Level 1.2 Maces & Flails
 + Level 4.6 Polearms
 + Level 1.2 Staves
 + Level 1.2 Slings
 + Level 1.2 Bows
 + Level 1.2 Crossbows
 + Level 2.8 Throwing
 + Level 2.8 Armour
 + Level 4.6 Dodging
 + Level 1.2 Stealth
 + Level 1.2 Shields
 + Level 1.2 Unarmed Combat
 + Level 5.1 Spellcasting
 + Level 1.0 Conjurations
 + Level 1.0 Hexes
 + Level 1.0 Summonings
 + Level 1.0 Necromancy
 + Level 5.5 Translocations
 + Level 1.0 Transmutations
 + Level 1.0 Fire Magic
 + Level 1.0 Ice Magic
 + Level 1.0 Air Magic
 + Level 1.0 Earth Magic
 + Level 1.0 Poison Magic
 + Level 1.3 Invocations
 + Level 1.2 Evocations


You had 11 spell levels left.
You knew the following spells:

 Your Spells              Type           Power      Damage    Failure   Level
a - Blink                 Tloc           32%        N/A       4%          2

Your spell library contained the following spells:

 Spells                   Type           Power      Damage    Failure   Level
 Gell's Gravitas          Tloc           16%        N/A       8%          3
 Lesser Beckoning         Tloc           16%        N/A       8%          3
 Teleport Other           Tloc           16%        N/A       8%          3
 Manifold Assault         Tloc           16%        N/A       58%         5


Dungeon Overview and Level Annotations

Branches:
Dungeon (3/15)

Altars:


Innate Abilities, Weirdness & Mutations

You have very sharp teeth.
Your uncanny sense of smell can sniff out nearby items.
Your experience applies equally to all skills.


Message History

The black bear is moderately wounded.
The black bear bites you. The black bear claws you.
You block the black bear's attack.
You barely miss the black bear.
The black bear is moderately wounded.
You block the black bear's attack. The black bear closely misses you.
The black bear misses you.
You hit the black bear but do no damage.
The black bear is lightly wounded.
The black bear bites you. The black bear barely misses you.
The black bear claws you but does no damage.
You hit the black bear. You bite the black bear.
The black bear is moderately wounded.
The black bear barely misses you. The black bear misses you. x2
You hit the black bear.
You bite the black bear, but do no damage.
The black bear is heavily wounded.
You block the black bear's attack. The black bear claws you. x2
You closely miss the black bear.
The black bear is heavily wounded.
The black bear barely misses you.
The black bear claws you but does no damage.
The black bear closely misses you.
You hit the black bear.
The black bear is severely wounded.
The black bear closely misses you.
The black bear claws you but does no damage.
The black bear claws you.
You barely miss the black bear.
The black bear is severely wounded.
The black bear bites you. The black bear claws you.
* * * LOW HITPOINT WARNING * * *
The black bear completely misses you.
You hit the black bear. Your bite misses the black bear.
The black bear is severely wounded.
The black bear goes berserk!
You hit the black bear.
The black bear is almost dead.
The black bear bites you!
You die...

#############
#........!..#
#####.###.......#
######.......#..@.!..#
#.<...).........h†...#
.......###...........#
#.###### ###.........#
#.###. ......(....#
..... #####..#.####
....# #.(#.# ###.#
.((..# # #.#


You could see a black bear (berserk).

Vanquished Creatures
  2 adders
  A worm (D:2)
  9 ball pythons
  2 endoplasms (D:1)
  3 giant cockroaches (D:1)
  10 goblins
  5 hobgoblins
  7 jackals (D:1)
  6 kobolds (D:2)
  2 quokkas
  8 bats
  2 frilled lizards
  3 rats
60 creatures vanquished.

Notes
Turn   | Place    | Note
-------+----------+-------------------------------------------
     0 | D:1      | Ablot the Gnoll Warper began the quest for the Orb.
     0 | D:1      | Reached XP level 1. HP: 20/20 MP: 6/6
   140 | D:1      | Reached XP level 2. HP: 26/26 MP: 7/7
   143 | D:1      | Learned a level 2 spell: Blink
   653 | D:1      | Found a faded altar of an unknown god.
   656 | D:1      | Reached XP level 3. HP: 31/31 MP: 9/9
   664 | D:1      | Reached skill level 5 in Spellcasting
  1118 | D:2      | Reached skill level 1 in Invocations
  1538 | D:2      | Reached skill level 1 in Short Blades
  1538 | D:2      | Reached skill level 1 in Long Blades
  1538 | D:2      | Reached skill level 1 in Axes
  1538 | D:2      | Reached skill level 1 in Maces & Flails
  1538 | D:2      | Reached skill level 1 in Staves
  1538 | D:2      | Reached skill level 1 in Slings
  1538 | D:2      | Reached skill level 1 in Bows
  1538 | D:2      | Reached skill level 1 in Crossbows
  1538 | D:2      | Reached skill level 1 in Stealth
  1538 | D:2      | Reached skill level 1 in Shields
  1538 | D:2      | Reached skill level 1 in Unarmed Combat
  1538 | D:2      | Reached skill level 1 in Evocations
  1676 | D:2      | Reached XP level 4. HP: 30/38 MP: 11/11
  2348 | D:3      | Noticed a black bear
  2383 | D:3      | Reached skill level 1 in Conjurations
  2383 | D:3      | Reached skill level 1 in Hexes
  2383 | D:3      | Reached skill level 1 in Summonings
  2383 | D:3      | Reached skill level 1 in Necromancy
  2383 | D:3      | Reached skill level 1 in Transmutations
  2383 | D:3      | Reached skill level 1 in Fire Magic
  2383 | D:3      | Reached skill level 1 in Ice Magic
  2383 | D:3      | Reached skill level 1 in Air Magic
  2383 | D:3      | Reached skill level 1 in Earth Magic
  2383 | D:3      | Reached skill level 1 in Poison Magic
  2430 | D:3      | Slain by a black bear

Illustrated notes

Levels and vault maps discovered:
D:1:      dpeg_arrival_tiny_c, layout_basic, chequers_ecumenical_altar_simple
D:2:      minmay_razor_zed, layout_rooms, corexii_shack
D:3:      layout_loops_ring, serial_shops, nicolae_shop_trees

Skill      XL: |  1  2  3  4 |
---------------+-------------+-----
Spellcasting   | 5 |  5.1
Invocations    | 1 |  1.3
Short Blades   | 1 |  1.2
Long Blades    | 1 |  1.2
Axes           | 1 |  1.2
Maces & Flails | 1 |  1.2
Staves         | 1 |  1.2
Slings         | 1 |  1.2
Bows           | 1 |  1.2
Crossbows      | 1 |  1.2
Stealth        | 1 |  1.2
Shields        | 1 |  1.2
Unarmed Combat | 1 |  1.2
Evocations     | 1 |  1.2
Conjurations   | 1 |  1.0
Hexes          | 1 |  1.0
Summonings     | 1 |  1.0
Necromancy     | 1 |  1.0
Transmutations | 1 |  1.0
Fire Magic     | 1 |  1.0
Ice Magic      | 1 |  1.0
Air Magic      | 1 |  1.0
Earth Magic    | 1 |  1.0
Poison Magic   | 1 |  1.0
Fighting       | |  4.6
Polearms       | |  4.6
Throwing       | |  2.8
Armour         | |  2.8
Dodging        | |  4.6
Translocations | |  5.5

Action                   |  1- 3 |  4- 6 || total
-------------------------+-------+-------++-------
Melee: Spear             |   158 |    14 ||   172
       Bite              |     9 |     5 ||    14
       Punch             |     3 |       ||     3
       Whip              |       |    34 ||    34
Throw: Stone             |       |     7 ||     7
 Stab: Sleeping          |     1 |     2 ||     3
       Distracted        |     1 |       ||     1
Armor: Leather armour    |    40 |    10 ||    50
Dodge: Dodged            |    91 |    25 ||   116
Block: Other             |       |     8 ||     8
